Unix NetHack Version 5.0.0-0 post-release - last build May 17 2026 04:57:42 (dc50c8380fa5e20985bfe3072449f57b8d9895ef,branch:main).

Game began 2026-05-20 14:08:37, ended 2026-05-20 22:33:12.

Ch3Begorrah, chaotic male human Rogue

                                                             ------
                                                            #.....|
                                                         ####|..<.|
                                                  #C@d#######.....|
                                                        #    -+-|--
                                                              ###
                                                             ###
                                                           ####
                                                             #
                                                             #
                                                             #
                                                             #

Ch3Begorrah the Rogue   St:10 Dx:18 Co:18 In:9 Wi:11 Ch:11  Chaotic
Dlvl:6  $:247 HP:0(47) Pw:22(22) AC:6  Xp:6 T:2479 

Latest messages:
 You kill the hobgoblin!
 Y - a +0 dagger (at the ready) (12 in total).
 Your little dog eats a hobgoblin corpse.
 $ - 7 gold pieces (240 in total).
 You feel tough!
 You must have been leading a healthy life-style.
 $ - 7 gold pieces (247 in total).
 You stop.  Your little dog is in the way!
 You swap places with your little dog.
 You swap places with your little dog.
 You see here an orcish dagger.
 You descend the stairs.
 The door opens.
 You hear a door open.
 You hear a door open.
 You swap places with your little dog.
 You swap places with your little dog.
 You are beginning to feel hungry.
 You stop searching.
 What do you want to eat? [irs or ?*] ?
 This food really hits the spot!
 You finish eating the food ration.
 u - a can of grease.
 There is nothing here to pick up.
 You hear a rushing noise nearby.
 The dust vortex engulfs you!
 You can't see in here!
 You hit the dust vortex.
 You hit the dust vortex.
 You destroy the dust vortex!
 What do you want to drink? [dlMOZ or ?*] ?
 Your feet are frozen to the ground!
 It hits!
 It kicks!
 It hits!
 It kicks!
 It hits!
 It kicks!
 It hits!
 It kicks!
 It hits!
 It kicks!
 It hits!
 It kicks!
 You can see again.
 The plains centaur hits!
 The plains centaur kicks!
 The plains centaur hits!
 You die...
 Do you want your possessions identified? [ynq] (y) q

Inventory:
 Coins    ('$')
  $ - 247 gold pieces
 Weapons  (')')
  q - 10 cursed +0 shuriken
  b - a +0 dagger (weapon in right hand)
  Y - 12 +0 daggers (at the ready)
 Armor    ('[')
  n - an uncursed rusty +0 orcish helm (being worn)
  z - an uncursed +0 alchemy smock with text "If we weren't meant to eat animals, why are they made out of meat?"
  F - an uncursed +0 cloak of displacement (being worn)
  H - a blessed +1 dwarvish cloak
  K - an uncursed +0 oilskin cloak
  c - an uncursed +1 leather armor (being worn)
 Comestibles  ('%')
  i - an uncursed food ration
  s - an uncursed lembas wafer
  r - a cursed tripe ration
 Potions  ('!')
  Z - an uncursed potion of healing
  d - an uncursed potion of sickness
  M - an uncursed potion of sleeping
  O - a cursed potion of sleeping
 Wands    ('/')
  S - a wand of digging (0:6)
  j - a wand of light (0:12)
 Tools    ('(')
  f - an uncursed sack containing 8 items
  u - a can of grease (0:14)
  e - an uncursed lock pick
  J - a +0 pick-axe
  D - an uncursed tallow candle
  m - an uncursed tin whistle
  g - an uncursed towel
 Gems/Stones  ('*')
  w - an uncursed worthless piece of violet glass
  x - an uncursed worthless piece of yellow glass
  G - an uncursed touchstone

Contents of the sack:
  a blessed scroll of destroy armor named ok
  an uncursed scroll of remove curse named ok
  an uncursed scroll of confuse monster named ok
  a blessed scroll of fire named ok
  an uncursed scroll of enchant armor named ok
  an uncursed scroll of identify named ok
  an uncursed scroll of amnesia named ok
  an uncursed scroll of blank paper

Ch3Begorrah the Rogue's attributes:

Background:
 You were a Rogue, level 6 male human.
 You were chaotic, nominally on a mission for Kos
 who was opposed by Issek (lawful) and Mog (neutral).
 You were right-handed.
 You were in the Dungeons of Doom, on level 6.
 You entered the dungeon 2479 turns ago.
 It was nighttime.
 You had 399 experience points, 241 more were needed to attain level 7.

Basics:
 You had 0 out of 47 hit points.
 You had all 22 energy points (spell power).
 Your armor class was 6.
 Your wallet contained 247 zorkmids.
 Autopickup was on for '$!/(' plus thrown, with exceptions.

Final Characteristics:
 Your strength was 10 (limit:18/100).
 Your dexterity was 18 (limit:18).
 Your constitution was 18 (limit:18).
 Your intelligence was 9 (limit:18).
 Your wisdom was 11 (limit:18).
 Your charisma was 11 (limit:18).

Final Status:
 You weren't hungry.
 You were unencumbered.
 You were wielding a dagger.
 You were skilled in dagger.

Final Attributes:
 You were piously aligned.
 You were displaced.
 You were stealthy.
 You were warded.
 You are dead.

Miscellaneous:
 You didn't encounter any bones levels.
 Total elapsed playing time was 22 minutes and 35 seconds.

Major events:
 Turn
    1: Ch3Begorrah the chaotic male human Rogue entered the dungeon
  810: attained the rank of Cutpurse (level 3)
  905: entered the Gnomish Mines
 2203: attained the rank of Rogue (level 6)
 2479: killed by a plains centaur, while frozen by a potion

You didn't know any spells.

Skills:
 Fighting Skills
   bare handed combat [Unskilled]
   two weapon combat  [Unskilled]
   riding             [Unskilled]
 Weapon Skills
   dagger             [Skilled]
   knife              [Unskilled]
   short sword        [Basic]
   broadsword         [Unskilled]
   long sword         [Unskilled]
   two-handed sword   [Unskilled]
   saber              [Unskilled]
   club               [Unskilled]
   mace               [Unskilled]
   morning star       [Unskilled]
   flail              [Unskilled]
   hammer             [Unskilled]
   polearms           [Unskilled]
   spear              [Unskilled]
   crossbow           [Unskilled]
   dart               [Unskilled]
   shuriken           [Unskilled]
 Spellcasting Skills
   divination spells  [Unskilled]
   escape spells      [Unskilled]
   matter spells      [Unskilled]

Voluntary challenges:
 Character rerolling was not enabled.
 You followed a strict vegan diet.
 You were an atheist.
 You never genocided any monsters.
 You never polymorphed an object.
 You never changed form.
 You used no wishes.
Achievements:
 You entered a shop.
 You attained the rank of Cutpurse.
 You entered the Gnomish Mines.
 You attained the rank of Rogue.

 The Dungeons of Doom: levels 1 to 6
    Level 1:
       A fountain.
    Level 2:
       A potion shop, a fountain.
    Level 3:
       Stairs down to The Gnomish Mines.
    Level 4:
       An altar to Kos.
    Level 5:
    Level 6: <- You were here.
       Final resting place for
          you, killed by a plains centaur, while frozen by a potion.
 The Gnomish Mines:
    Level 4:


Vanquished creatures:
  a dust vortex
  a rock mole
  a fog cloud
  a shrieker
  a violet fungus
  a gnome leader
  a gray ooze
  a paper golem
  2 giant ants
  a floating eye
  2 dwarves
  6 rothes
  3 dwarf zombies
  a wererat
  2 iguanas
 an acid blob
  a coyote
  2 gas spores
  a hobbit
  2 hobgoblins
  2 giant rats
  a cave spider
  a brown mold
  3 yellow molds
 12 gnomes
  4 geckos
  2 jackals
  a fox
  a kobold
  2 goblins
  a sewer rat
  3 grid bugs
  a lichen
  8 newts
74 creatures vanquished.

No species were genocided or became extinct.

Game over:
                       ----------
                      /          \
                     /    REST    \
                    /      IN      \
                   /     PEACE      \
                  /                  \
                  |   Ch3Begorrah    |
                  |      247 Au      |
                  |   killed by a    |
                  |  plains centaur  |
                  |                  |
                  |                  |
                  |       2026       |
                 *|     *  *  *      | *
        _________)/\\_//(\/(/\)/\//\/|_)_______

Goodbye Ch3Begorrah the Rogue...

You died in The Dungeons of Doom on dungeon level 6 with 2139 points,
and 247 pieces of gold, after 2479 moves.
You were level 6 with a maximum of 47 hit points when you died.

